 Dungeon Crawl Stone Soup version 0.16-a0-4005-g3d13fd6 (webtiles) character file.

22 motorbit the Conjurer (level 2, 15/15 HPs)
             Began as a Gargoyle Conjurer on Feb 16, 2015.
             Quit the game on level 1 of the Dungeon.
             The game lasted 00:01:56 (656 turns).

motorbit the Conjurer (Gargoyle Conjurer)            Turns: 656, Time: 00:01:56

Health: 15/15      AC:  4    Str: 11    XL:     2   Next: 91%
Magic:  5/5        EV: 12    Int: 15    God:
Gold:   75         SH:  0    Dex: 10    Spells: 1 memorised, 5 levels left

rFire  . . .     SeeInvis .     k - +0 mace
rCold  . . .     Clarity  .     a - +0 robe
rNeg   + . .     SustAb   .     (no shield)
rPois  ∞         Gourm    .     (no helmet)
rElec  +         Spirit   .     (no cloak)
rCorr  .         Warding  .     (no gloves)
rMut   .         Stasis   .     (no boots)
MR     .....                    (no amulet)
Stlth  ++........               (no ring)
                                (no ring)

@: not resistant to hostile enchantments, unstealthy
A: negative energy resistance 1, electricity resistance, unbreathing,
petrification resistance, rot immunity, AC +2
a: no special abilities


You were on level 1 of the Dungeon.
You were not hungry.

You visited 1 branch of the dungeon, and saw 2 of its levels.

You collected 75 gold pieces.


Innate Abilities, Weirdness & Mutations

You are resistant to torment.
You are immune to poison.
Your stone body is very resilient (AC +2).
You resist negative energy.
You are resistant to electric shocks.
You can survive without breathing.
You are immune to petrification.
You are immune to rotting.


   Skills:
 - Level 1.5 Dodging
 - Level 2.1 Stealth
 + Level 2.5 Spellcasting
 + Level 4.9 Conjurations


You had 5 spell levels left.
You knew the following spells:

 Your Spells              Type           Power        Failure   Level  Hunger
z - Magic Dart            Conj           ###.         2%          1    #......

Inventory:

Hand weapons
 d - a +0 dagger
 k - a +0 mace (weapon)
Armour
 a - a +0 robe (worn)
Potions
 e - a potion of curing {@q1}
 h - a potion of brilliance
 i - a potion of lignification {!q}
 j - a potion of agility
Books
 c - a book of Conjurations
Comestibles
 b - 2 bread rations

Dungeon Overview and Level Annotations

Branches:
Dungeon (2/15)

Altars:

.................## #.....#
.....#####........######..###
...#..## ###........##...##
.####..# #...........### .#
##.######....)......# .# #....#
#...##.....##
#########.###.###.....## ....###
#..##.##..#...####
###...####....#.8##......### #
###....###.##.###.#..#...###### #
######..##.##.# #.##.###.......
###.............###.##.###.......
.##.#######...####...............
....# #...........#..#.......
..### ####.#.......#..#.#.......
..# ##.#....÷..........########
#.# #.....#>...)..##...#


There were no monsters in sight!


Message History

Magic restored.
Done exploring.
Done exploring.
Done exploring.
Done exploring.
Done exploring.
Read which item? (? for menu, Esc to quit)
Okay, then.
Read which item? (? for menu, Esc to quit)
As you read the scroll labeled KAFAT REJUY, it crumbles to dust.
It is a scroll of identify.
Identify which item? (\ to view known items) (? for menu, Esc to quit)
j - a potion of agility Read which item? (? for menu, Esc to quit)
Identify which item? (\ to view known items) (? for menu, Esc to quit)
As you read the scroll of identify {@r1}, it crumbles to dust.
i - a potion of lignification Read which item? (? for menu, Esc to quit)
Identify which item? (\ to view known items) (? for menu, Esc to quit)
As you read the scroll of identify {@r1}, it crumbles to dust.
e - a potion of curing Read which item? (? for menu, Esc to quit)
Identify which item? (\ to view known items) (? for menu, Esc to quit)
As you read the scroll of identify {@r1}, it crumbles to dust.
h - a potion of brilliance Read which item? (? for menu, Esc to quit)
As you read the scroll labeled RUOC ECIYWUIZU, it crumbles to dust.
You hear a loud clanging noise!
It was a scroll of noise.
Are you sure you want to abandon this character and quit the game? (Confirm with "yes".)

Action                   || total
-------------------------++-------
Melee: Dagger            ||    11
       Mace              ||    11
 Cast: Magic Dart        ||    27
  Use: Scroll            ||     5

Vault maps used:
D:1:      saegor_arrival_simple_a
D:2:      uniq_jessica

Notes
Turn   | Place    | Note
--------------------------------------------------------------
     0 | D:1      | motorbit, the Gargoyle Conjurer, began the quest for the Orb.
     0 | D:1      | Reached XP level 1. HP: 10/10 MP: 3/3
   117 | D:1      | You fall through a shaft!
   159 | D:1      | Reached XP level 2. HP: 13/15 MP: 0/4
   656 | D:1      | Quit the game

Vanquished Creatures
  A giant gecko (D:1)
  2 giant cockroaches (D:1)
  5 goblins (D:1)
  A hobgoblin (D:1)
  3 jackals (D:1)
  3 bats (D:1)
  2 giant newts (D:1)
  3 rats (D:1)
20 creatures vanquished.
